 Dungeon Crawl Stone Soup version 0.17-a0-2055-gb4e23be (webtiles) character file.

156 4thArraOfDagon the Chopper (level 5, -1/32 HPs)
             Began as a Gargoyle Gladiator on Oct 11, 2015.
             Slain by a hound (3 damage)
             ... on level 4 of the Dungeon.
             The game lasted 00:02:46 (551 turns).

4thArraOfDagon the Chopper (Gargoyle Gladiator)      Turns: 551, Time: 00:02:46

Health: -1/32      AC: 16    Str: 19    XL:     5   Next: 37%
Magic:  5/5        EV:  8    Int:  9    God:
Gold:   93         SH:  0    Dex: 10    Spells: 0 memorised, 4 levels left

rFire  . . .     SeeInvis .     a - +0 war axe
rCold  . . .     Clarity  .     j - +0 chain mail
rNeg   + . .     SustAt   .     (no shield)
rPois  ∞         Gourm    .     c - +0 helmet
rElec  +         Spirit   .     (no cloak)
rCorr  .         Warding  .     i - +0 pair of gloves
rMut   .         Stasis   .     h - +0 pair of boots
MR     .....                    (no amulet)
Stlth  ..........               (no ring)
                                (no ring)

@: not resistant to hostile enchantments, extremely unstealthy
A: negative energy resistance 1, electricity resistance, unbreathing,
petrification resistance, rot immunity, AC +4
a: no special abilities


You were on level 4 of the Dungeon.
You were not hungry.

You visited 1 branch of the dungeon, and saw 4 of its levels.

You collected 93 gold pieces.

Inventory:

Hand Weapons
 a - a +0 war axe (weapon)
 d - a +0 giant spiked club
Armour
 c - a +0 helmet (worn)
 h - a +0 pair of boots (worn)
 i - a +0 pair of gloves (worn)
 j - a +0 chain mail (worn)
Scrolls
 b - a scroll of identify
 f - a scroll of enchant weapon {unknown}
 g - 2 scrolls of teleportation {unknown}
 l - a scroll of fog {unknown}
 m - a scroll of fear {unknown}
 o - a scroll of noise {unknown}
Comestibles
 e - a bread ration
 k - a slice of pizza


   Skills:
 + Level 3.4 Fighting
 * Level 4.3 Axes
 - Level 1.7 Throwing
 + Level 2.2 Armour
 - Level 2.4 Dodging


You had 4 spell levels left.
You didn't know any spells.

Dungeon Overview and Level Annotations

Branches:
Dungeon (4/15)
 Temple: D:4-7

Altars:
Kikubaaqudgha
Zin
The Shining One


Innate Abilities, Weirdness & Mutations

You are resistant to torment.
Your stone body is resilient (AC +4).
You are immune to poison.
You resist negative energy.
You are resistant to electric shocks.
You can survive without breathing.
You are immune to petrification.
You are immune to rotting.


Message History

The hound bites you but does no damage. x2
Unknown command.
You closely miss the hound.
The hound is moderately wounded.
The hound closely misses you. The hound barely misses you.
Unknown command.
You hit the hound but do no damage.
The hound is moderately wounded.
The hound barely misses you. The hound bites you but does no damage.
Unknown command.
Your chain mail prevents you from hitting the hound.
The hound is moderately wounded.
The hound bites you but does no damage. The hound bites you.
* * * LOW HITPOINT WARNING * * *
Unknown command.
Unknown command.
You slash the hound!
The hound is severely wounded.
The hound bites you.
You die...

>.. ... .. ###.# ..
##... .. ... .## #h#
... ##@#####.# ##.#
##.(......#
#>.###..#.######
###..##.....#
#.........###
#.......###
#....)..### ####..
##.........##.....##
#....#..............#.


You could see a hound.

Vanquished Creatures
  An ogre (D:4)
  A giant frog skeleton (D:4)
  2 adders
  2 worms
  An orc (D:4)
  A giant cockroach (D:2)
  2 hobgoblins (D:2)
  A quokka (D:3)
  2 giant newts (D:2)
  A goblin (D:3)
  3 kobolds (D:2)
  A rat (D:2)
18 creatures vanquished.

Notes
Turn   | Place    | Note
--------------------------------------------------------------
     0 | D:1      | 4thArraOfDagon the Gargoyle Gladiator began the quest for the Orb.
     0 | D:1      | Reached XP level 1. HP: 12/12 MP: 1/1
   144 | D:2      | Reached skill level 3 in Axes
   144 | D:2      | Reached XP level 2. HP: 18/18 MP: 2/2
   299 | D:2      | Found an ancient bone altar of Kikubaaqudgha.
   299 | D:2      | Found a glowing silver altar of Zin.
   365 | D:3      | Reached XP level 3. HP: 19/22 MP: 3/3
   424 | D:3      | Found a glowing golden altar of the Shining One.
   508 | D:4      | Reached skill level 1 in Armour
   508 | D:4      | Reached XP level 4. HP: 19/28 MP: 4/4
   534 | D:4      | Noticed an ogre
   544 | D:4      | Killed an ogre
   544 | D:4      | Reached skill level 4 in Axes
   544 | D:4      | Reached XP level 5. HP: 2/32 MP: 5/5
   551 | D:4      | Slain by a hound

Vault maps used:
D:1:      mrwooster_arrival_statue, kennysheep_minor_cross,
          kennysheep_decorative_pillar
D:2:      gammafunk_temple_overflow_statue, grunt_decor_fettered, uniq_sigmund
D:3:      nicolae_overflow_hidden_temple, first_bread,
          kennysheep_generic_room_6, uniq_crazy_yiuf_cottage
D:4:      serial_shops, shop

Action                   |  1- 3 |  4- 6 || total
-------------------------+-------+-------++-------
Melee: War axe           |    67 |    12 ||    79
Throw: Throwing net      |     2 |     2 ||     4
  Use: Scroll            |     1 |       ||     1
 Stab: Held in net/web   |     1 |     1 ||     2
